| TOP OF THE 1ST |
|
St. Petersburg Saints batting - Pitching for Pompano Beach Stingrays : RHP Julian Gonzalez
|
|
Pitching: RHP Julian Gonzalez
|
|
|
Batting: LHB Omar de la Torre
|
0-0: Ball 1-0: Fly out, F7 (Flyball, 7LS, EV 94.4 MPH)
|
|
Batting: RHB Pablo Carballo
|
0-0: Called Strike 0-1: Ground out 5-3 (Groundball, 56S, EV 84.4 MPH)
|
|
Batting: LHB Terry Blocker
|
0-0: Ball 1-0: Foul Ball, location: 2F 1-1: Foul Ball, location: 2F 1-2: Ball 2-2: Ball 3-2: Strikes out looking
|
| Top of the 1st over - 0 runs, 0 hits, 0 errors, 0 left on base; St. Petersburg 0 - Pompano Beach 0 |
| BOTTOM OF THE 1ST |
|
Pompano Beach Stingrays batting - Pitching for St. Petersburg Saints : RHP Tian-yun Liu
|
|
Pitching: RHP Tian-yun Liu
|
|
|
Batting: RHB Jorge Villalobos
|
0-0: Ball 1-0: Ball 2-0: Ground out 4-3 (Groundball, 4, EV 76.9 MPH)
|
|
Batting: SHB Gene Roof
|
0-0: Called Strike 0-1: DOUBLE (Line Drive, 9LM, EV 107.5 MPH)
|
|
Batting: RHB Lance Junker
|
0-0: Ball 1-0: Fly out, F8 (Flyball, 8RS, EV 82.5 MPH)
|
|
Batting: RHB Mark Strucher
|
0-0: Foul Ball, location: 2F 0-1: Ball 1-1: Swinging Strike 1-2: Fly out, F8 (Flyball, 8LS, EV 83.8 MPH)
|
| Bottom of the 1st over - 0 runs, 1 hit, 0 errors, 1 left on base; St. Petersburg 0 - Pompano Beach 0 |
| TOP OF THE 2ND |
|
St. Petersburg Saints batting - Pitching for Pompano Beach Stingrays : RHP Julian Gonzalez
|
|
Batting: RHB Rock Coyle
|
0-0: Foul Ball, location: 2F 0-1: Called Strike 0-2: Foul Ball, location: 2F 0-2: Foul Ball, location: 2F 0-2: Ball 1-2: Foul Ball, location: 2F 1-2: Ball 2-2: Ball 3-2: Strikes out swinging
|
|
Batting: RHB Ric Despaux
|
0-0: Ball 1-0: Ball 2-0: Called Strike 2-1: SINGLE (Line Drive, 4D, EV 98.1 MPH)
|
|
Batting: RHB Jerry Johnson
|
0-0: Ball 1-0: Fielders Choice at 2nd, 5-4 (Groundball, 56, EV 79.4 MPH)
|
|
Batting: RHB Dave Clements
|
0-0: DOUBLE (Line Drive, 9LS, EV 96.3 MPH) Jerry Johnson to third Runner from 3rd tries for Home, SAFE, throw by RF to trailing runner, SAFE at third!
|
|
Batting: RHB Randy Ingle
|
0-0: Foul Ball, location: 2F 0-1: Called Strike 0-2: Ball 1-2: Ball 2-2: Foul Ball, location: 2F 2-2: SINGLE (Flyball, 3D, EV 90.0 MPH) Dave Clements scores
|
|
Batting: RHB Roberto Alvarez
|
0-0: Ball 1-0: Called Strike 1-1: Foul Ball, location: 2F 1-2: Strikes out looking
|
| Top of the 2nd over - 2 runs, 3 hits, 0 errors, 1 left on base; St. Petersburg 2 - Pompano Beach 0 |
| BOTTOM OF THE 2ND |
|
Pompano Beach Stingrays batting - Pitching for St. Petersburg Saints : RHP Tian-yun Liu
|
|
Batting: SHB Juan Molina
|
0-0: Swinging Strike 0-1: Called Strike 0-2: Ball 1-2: Strikes out swinging
|
|
Batting: LHB Steve Phillips
|
0-0: Ball 1-0: Called Strike 1-1: Ground out 1-3 (Groundball, P, EV 68.1 MPH)
|
|
Batting: SHB Maury Ornest
|
0-0: Foul Ball, location: 2F 0-1: Swinging Strike 0-2: Strikes out swinging
|
| Bottom of the 2nd over - 0 runs, 0 hits, 0 errors, 0 left on base; St. Petersburg 2 - Pompano Beach 0 |
| TOP OF THE 3RD |
|
St. Petersburg Saints batting - Pitching for Pompano Beach Stingrays : RHP Julian Gonzalez
|
|
Batting: LHB Omar de la Torre
|
0-0: Ball 1-0: Ball 2-0: Fly out, F6 (Flyball, 56D, EV 84.4 MPH)
|
|
Batting: RHB Pablo Carballo
|
0-0: Ball 1-0: Ball 2-0: Ball 3-0: Base on Balls
|
|
Batting: LHB Terry Blocker
|
0-0: Called Strike 0-1: Foul Ball, location: 2F 0-2: Ball Pablo Carballo steals 2nd base 1-2: Ground out 5-3 (Groundball, 5S, EV 70.6 MPH) Pablo Carballo to third
|
|
Batting: RHB Rock Coyle
|
0-0: Ball 1-0: Ball 2-0: Ball 3-0: Base on Balls
|
|
Batting: RHB Ric Despaux
|
0-0: Ball 1-0: Ball 2-0: 3-RUN HOME RUN (Flyball, 78XD, EV 93.8 MPH), Distance : 418 ft
|
|
Batting: RHB Jerry Johnson
|
0-0: Fly out, F9 (Flyball, 89M, EV 85.0 MPH)
|
| Top of the 3rd over - 3 runs, 1 hit, 0 errors, 0 left on base; St. Petersburg 5 - Pompano Beach 0 |
| BOTTOM OF THE 3RD |
|
Pompano Beach Stingrays batting - Pitching for St. Petersburg Saints : RHP Tian-yun Liu
|
|
Batting: RHB William Waag
|
0-0: Ball 1-0: Fly out, F7 (Line Drive, 7D, EV 92.5 MPH)
|
|
Batting: RHB Jimmy Thomas
|
0-0: Ball 1-0: Foul Ball, location: 2F 1-1: Swinging Strike 1-2: Ball 2-2: Foul Ball, location: 2F 2-2: Fly out, F8 (Flyball, 89M, EV 86.9 MPH)
|
|
Batting: RHB Jorge Villalobos
|
0-0: Ball 1-0: Fly out, F8 (Line Drive, 8LD, EV 90.0 MPH)
|
| Bottom of the 3rd over - 0 runs, 0 hits, 0 errors, 0 left on base; St. Petersburg 5 - Pompano Beach 0 |
| TOP OF THE 4TH |
|
St. Petersburg Saints batting - Pitching for Pompano Beach Stingrays : RHP Julian Gonzalez
|
|
Batting: RHB Dave Clements
|
0-0: Called Strike 0-1: Ball 1-1: Foul Ball, location: 2F 1-2: Foul Ball, location: 2F 1-2: Ground out 4-3 (Groundball, 4, EV 90.0 MPH)
|
|
Batting: RHB Randy Ingle
|
0-0: Ball 1-0: Ball 2-0: Ball 3-0: Base on Balls
|
|
Batting: RHB Roberto Alvarez
|
0-0: Ball 1-0: Ball 2-0: Ball 3-0: Called Strike 3-1: Base on Balls Randy Ingle to second
|
|
Batting: LHB Omar de la Torre
|
0-0: Ball 1-0: Swinging Strike 1-1: Ball 2-1: Swinging Strike 2-2: Foul Ball, location: 2F 2-2: Foul Ball, location: 2F 2-2: Strikes out swinging
|
|
Batting: RHB Pablo Carballo
|
0-0: Ball 1-0: Ground out U3 (Groundball, 3S, EV 61.3 MPH)
|
| Top of the 4th over - 0 runs, 0 hits, 0 errors, 2 left on base; St. Petersburg 5 - Pompano Beach 0 |
| BOTTOM OF THE 4TH |
|
Pompano Beach Stingrays batting - Pitching for St. Petersburg Saints : RHP Tian-yun Liu
|
|
Batting: SHB Gene Roof
|
0-0: Ball 1-0: Ground out 5-3 (Groundball, 6S, EV 89.4 MPH)
|
|
Batting: RHB Lance Junker
|
0-0: Foul Ball, location: 2F 0-1: Foul Ball, location: 2F 0-2: Fly out, F8 (Flyball, 8LS, EV 90.0 MPH)
|
|
Batting: RHB Mark Strucher
|
0-0: Foul Ball, location: 2F 0-1: Foul Ball, location: 2F 0-2: Ball 1-2: Foul Ball, location: 2F 1-2: Ball 2-2: Strikes out swinging
|
| Bottom of the 4th over - 0 runs, 0 hits, 0 errors, 0 left on base; St. Petersburg 5 - Pompano Beach 0 |
| TOP OF THE 5TH |
|
St. Petersburg Saints batting - Pitching for Pompano Beach Stingrays : RHP Julian Gonzalez
|
|
Batting: LHB Terry Blocker
|
0-0: Ball 1-0: Ball 2-0: Called Strike 2-1: Ball 3-1: Base on Balls
|
|
Batting: RHB Rock Coyle
|
0-0: Ball 1-0: Fly out, F2 (Popup, 23F, EV 91.9 MPH)
|
|
Batting: RHB Ric Despaux
|
0-0: Called Strike 0-1: Fly out, F4 (Popup, 34D, EV 66.9 MPH)
|
|
Batting: RHB Jerry Johnson
|
0-0: Ball Terry Blocker steals 2nd, throwing error, E2 Terry Blocker to third 1-0: Ball 2-0: Called Strike 2-1: Foul Ball, location: 2F 2-2: Ground out 5-3 (Groundball, 56, EV 89.4 MPH)
|
| Top of the 5th over - 0 runs, 0 hits, 1 error, 1 left on base; St. Petersburg 5 - Pompano Beach 0 |
| BOTTOM OF THE 5TH |
|
Pompano Beach Stingrays batting - Pitching for St. Petersburg Saints : RHP Tian-yun Liu
|
|
Batting: SHB Juan Molina
|
0-0: Ball 1-0: Fly out, F3 (Line Drive, 3, EV 72.5 MPH)
|
|
Batting: LHB Steve Phillips
|
0-0: Ball 1-0: Ground out 6-3 (Groundball, 6M, EV 89.4 MPH)
|
|
Batting: SHB Maury Ornest
|
0-0: Ball 1-0: Ball 2-0: Reached on error, E3 (Line Drive, 3, EV 73.8 MPH)
|
|
Batting: RHB William Waag
|
0-0: Ball 1-0: Ball Maury Ornest steals 2nd base 2-0: Foul Ball, location: 2F 2-1: SINGLE (Groundball, 6MD, EV 103.1 MPH) Maury Ornest to third Runner from 3rd tries for Home, SAFE, throw by CF to home
|
|
Batting: RHB Jimmy Thomas
|
Pickoff Throw to First - Out! 1-3
|
| Bottom of the 5th over - 1 run, 1 hit, 1 error, 0 left on base; St. Petersburg 5 - Pompano Beach 1 |
| TOP OF THE 6TH |
|
St. Petersburg Saints batting - Pitching for Pompano Beach Stingrays : RHP Julian Gonzalez
|
|
Batting: RHB Dave Clements
|
0-0: Called Strike 0-1: Ball 1-1: Ball 2-1: Called Strike 2-2: Foul Ball, location: 2F 2-2: Ground out U3 (Groundball, 34, EV 105.0 MPH)
|
|
Batting: RHB Randy Ingle
|
0-0: Ball 1-0: Ground out 5-3 (Groundball, 56S, EV 65.0 MPH)
|
|
Batting: RHB Roberto Alvarez
|
0-0: Swinging Strike 0-1: Ball 1-1: Swinging Strike 1-2: Ground out 6-3 (Groundball, 4M, EV 105.0 MPH)
|
| Top of the 6th over - 0 runs, 0 hits, 0 errors, 0 left on base; St. Petersburg 5 - Pompano Beach 1 |
| BOTTOM OF THE 6TH |
|
Pompano Beach Stingrays batting - Pitching for St. Petersburg Saints : RHP Tian-yun Liu
|
|
Batting: RHB Jimmy Thomas
|
0-0: Swinging Strike 0-1: Swinging Strike 0-2: Ball 1-2: Strikes out swinging
|
|
Batting: RHB Jorge Villalobos
|
0-0: Fly out, F8 (Line Drive, 8RM, EV 96.3 MPH)
|
|
Batting: SHB Gene Roof
|
0-0: Ground out 6-3 (Groundball, 6M, EV 80.0 MPH)
|
| Bottom of the 6th over - 0 runs, 0 hits, 0 errors, 0 left on base; St. Petersburg 5 - Pompano Beach 1 |
| TOP OF THE 7TH |
|
St. Petersburg Saints batting - Pitching for Pompano Beach Stingrays : RHP Julian Gonzalez
|
|
Batting: LHB Omar de la Torre
|
0-0: Ball 1-0: Foul Ball, location: 2F 1-1: Foul Ball, location: 2F 1-2: Ball 2-2: Fly out, F8 (Flyball, 89D, EV 98.8 MPH)
|
|
Batting: RHB Pablo Carballo
|
0-0: Called Strike 0-1: Called Strike 0-2: Strikes out swinging
|
|
Batting: LHB Terry Blocker
|
0-0: Ball 1-0: Ball 2-0: SINGLE (Line Drive, 6M, EV 101.9 MPH)
|
|
Batting: RHB Rock Coyle
|
0-0: Ball 1-0: Ball 2-0: Fielders Choice at 2nd, 5-4 (Groundball, 5L, EV 86.3 MPH)
|
| Top of the 7th over - 0 runs, 1 hit, 0 errors, 1 left on base; St. Petersburg 5 - Pompano Beach 1 |
| BOTTOM OF THE 7TH |
|
Pompano Beach Stingrays batting - Pitching for St. Petersburg Saints : RHP Tian-yun Liu
|
|
Batting: RHB Lance Junker
|
0-0: Foul Ball, location: 2F 0-1: Ball 1-1: Ball 2-1: Called Strike 2-2: Ground out 1-3 (Groundball, 13S, EV 63.8 MPH)
|
|
Batting: RHB Mark Strucher
|
0-0: Ball 1-0: Foul Ball, location: 2F 1-1: Ball 2-1: Ball 3-1: Base on Balls
|
|
Batting: SHB Juan Molina
|
0-0: Ball 1-0: Swinging Strike 1-1: Ball 2-1: SINGLE (Groundball, 34D, EV 96.9 MPH) Mark Strucher to second Runner from 2nd tries for 3rd, SAFE, throw by RF made to third
|
|
Batting: LHB Steve Phillips
|
0-0: Ball 1-0: Ball 2-0: Called Strike 2-1: Ball 3-1: Foul Ball, location: 2F 3-2: Fly out, F4 (Line Drive, 4, EV 76.9 MPH)
|
|
Batting: SHB Maury Ornest
|
0-0: Foul Ball, location: 2F 0-1: Ball 1-1: Fly out, F7 (Flyball, 78D, EV 101.9 MPH)
|
| Bottom of the 7th over - 0 runs, 1 hit, 0 errors, 2 left on base; St. Petersburg 5 - Pompano Beach 1 |
| TOP OF THE 8TH |
|
St. Petersburg Saints batting - Pitching for Pompano Beach Stingrays : RHP Julian Gonzalez
|
|
Batting: RHB Ric Despaux
|
0-0: Ball 1-0: Called Strike 1-1: Foul Ball, location: 2F 1-2: Fly out, F8 (Flyball, 8RS, EV 89.4 MPH)
|
|
Batting: RHB Jerry Johnson
|
0-0: Ground out 1-3 (Groundball, 13S, EV 73.1 MPH)
|
|
Batting: RHB Dave Clements
|
0-0: Ball 1-0: Ball 2-0: Ball 3-0: Base on Balls
|
|
Batting: RHB Randy Ingle
|
0-0: Ball 1-0: Called Strike 1-1: Swinging Strike 1-2: Ball 2-2: Reached on error, E5 (Groundball, 56S, EV 83.8 MPH) Dave Clements to second
|
|
Batting: RHB Roberto Alvarez
|
0-0: Ball 1-0: Called Strike 1-1: Ball 2-1: Foul Ball, location: 2F 2-2: SINGLE (Line Drive, 34D, EV 103.8 MPH) Dave Clements to third Randy Ingle to second Runner from 3rd tries for Home, SAFE, throw by RF to home
|
|
Pitching: RHP Scott Dye
|
|
|
Batting: LHB Omar de la Torre
|
0-0: Ball 1-0: Ball 2-0: Called Strike 2-1: Ground out 4-3 (Groundball, 4, EV 106.9 MPH)
|
| Top of the 8th over - 1 run, 1 hit, 1 error, 2 left on base; St. Petersburg 6 - Pompano Beach 1 |
| BOTTOM OF THE 8TH |
|
Pompano Beach Stingrays batting - Pitching for St. Petersburg Saints : RHP Tian-yun Liu
|
|
Batting: RHB William Waag
|
0-0: Called Strike 0-1: Swinging Strike 0-2: Foul Ball, location: 2F 0-2: Ball 1-2: Foul Ball, location: 2F 1-2: Ball 2-2: DOUBLE (Line Drive, 7LM, EV 107.5 MPH)
|
|
Batting: RHB Jimmy Thomas
|
0-0: DOUBLE (Line Drive, 78D, EV 107.5 MPH) William Waag scores
|
|
Batting: RHB Jorge Villalobos
|
0-0: Called Strike 0-1: Ball 1-1: Ball 2-1: Ball 3-1: DOUBLE (Flyball, 8RXD, EV 110.0 MPH) Jimmy Thomas scores
|
|
Batting: SHB Gene Roof
|
0-0: Ball 1-0: Ball 2-0: Called Strike 2-1: Ball 3-1: Foul Ball, location: 2F 3-2: SINGLE (Line Drive, 89M, EV 90.0 MPH) Jorge Villalobos to third
|
|
Batting: RHB Lance Junker
|
0-0: Ball 1-0: Called Strike 1-1: Swinging Strike 1-2: Ball 2-2: Grounds into double play, 6-4-3 (Groundball, 6, EV 104.4 MPH) Jorge Villalobos scores
|
|
Batting: RHB Mark Strucher
|
0-0: Ball 1-0: Foul Ball, location: 2F 1-1: Ball 2-1: Swinging Strike 2-2: Foul Ball, location: 2F 2-2: Strikes out swinging
|
| Bottom of the 8th over - 3 runs, 4 hits, 0 errors, 0 left on base; St. Petersburg 6 - Pompano Beach 4 |
| TOP OF THE 9TH |
|
St. Petersburg Saints batting - Pitching for Pompano Beach Stingrays : RHP Scott Dye
|
|
Batting: RHB Pablo Carballo
|
0-0: Ball 1-0: Swinging Strike 1-1: Ball 2-1: Called Strike 2-2: Ball 3-2: Strikes out swinging
|
|
Batting: LHB Terry Blocker
|
0-0: Ball 1-0: Fly out, F9 (Flyball, 89S, EV 88.8 MPH)
|
|
Batting: RHB Rock Coyle
|
0-0: Ball 1-0: Swinging Strike 1-1: Foul Ball, location: 2F 1-2: Foul Ball, location: 2F 1-2: Foul Ball, location: 2F 1-2: Fly out, F4 (Popup, 34D, EV 65.6 MPH)
|
| Top of the 9th over - 0 runs, 0 hits, 0 errors, 0 left on base; St. Petersburg 6 - Pompano Beach 4 |
| BOTTOM OF THE 9TH |
|
Pompano Beach Stingrays batting - Pitching for St. Petersburg Saints : RHP Tian-yun Liu
|
|
Pitching: RHP Edgardo Santana
|
|
|
Now at 1B: Joe Lansford
|
|
|
Now in CF: Francisco Escalera
|
|
|
Batting: SHB Juan Molina
|
0-0: Foul Ball, location: 2F 0-1: Ball 1-1: Fly out, F8 (Flyball, 78S, EV 87.5 MPH)
|
|
Batting: LHB Steve Phillips
|
0-0: Ball 1-0: Foul Ball, location: 2F 1-1: Ball 2-1: Ball 3-1: Fly out, F8 (Flyball, 8LXD, EV 101.3 MPH)
|
|
Batting: SHB Maury Ornest
|
0-0: Ball 1-0: Ball 2-0: Ball 3-0: Base on Balls
|
|
Pinch Hitting: SHB Tom Barrett
|
0-0: Ball 1-0: Swinging Strike 1-1: Foul Ball, location: 2F 1-2: Foul Ball, location: 2F 1-2: Strikes out swinging
|
| Bottom of the 9th over - 0 runs, 0 hits, 0 errors, 1 left on base; St. Petersburg 6 - Pompano Beach 4 |
|